 Dungeon Crawl Stone Soup version 0.22.1-1-ga44c0e56f4 (webtiles) character file.

9876 Mjsee792 the Fighter (level 11, 0/108 HPs)
             Began as a Minotaur Berserker on Oct 14, 2018.
             Was a High Priest of Trog.
             Slain by a freezing wraith (7 damage)
             ... led by a death knight
             ... on level 10 of the Dungeon.
             The game lasted 00:33:18 (10077 turns).

Mjsee792 the Fighter (Minotaur Berserker)          Turns: 10077, Time: 00:33:18

Health: 0/108      AC: 15    Str: 21    XL:     11   Next: 28%
Magic:  19/19      EV: 20    Int:  4    God:    Trog [*****.]
Gold:   703        SH:  0    Dex: 14    Spells: 10/10 levels left

rFire    + + .     SeeInvis .   I - +0 glaive
rCold    + . .     Gourm    .   (shield currently unavailable)
rNeg     . . .     Faith    +   j - +6 ring mail "Xeadosug" {MP+9}
rPois    .         Spirit   .   (helmet restricted)
rElec    .         Reflect  .   h - scarf {rC+ rF+}
rCorr    .         Harm     .   (no gloves)
MR       ++...                  v - +0 pair of boots
Stlth    +.........             i - amulet of faith
HPRegen  1.28/turn              A - ring of protection from fire
MPRegen  0.16/turn              o - +3 ring of evasion

@: berserk cooldown, regenerating, slowed, very slow
A: retaliatory headbutt, horns 2
a: Berserk, Trog's Hand, Brothers in Arms, Renounce Religion


You were on level 10 of the Dungeon.
You worshipped Trog.
Trog was extremely pleased with you.
You were near starving.

You visited 1 branch of the dungeon, and saw 11 of its levels.
You also visited: Bailey.

You collected 828 gold pieces.
You spent 125 gold pieces at shops.

Inventory:

Hand Weapons
 a - a +2 hunting sling of flaming
 n - a +1 vampiric lajatang
 G - a +3 trident of freezing
 I - a +0 glaive (weapon)
Armour
 h - a scarf of resistance (worn)
 j - the +6 ring mail "Xeadosug" (worn) {MP+9}
   (You found it on level 6 of the Dungeon)

   It affects your magic capacity (+9).
 v - a +0 pair of boots (worn)
Jewellery
 i - an amulet of faith (around neck)
 o - a +3 ring of evasion (right hand)
 A - a ring of protection from fire (left hand)
 F - a +6 amulet of reflection
Wands
 u - a wand of acid (6)
 w - a wand of disintegration (8)
 C - a wand of paralysis (16)
 D - a wand of random effects (19)
Scrolls
 e - 8 scrolls of identify
 g - 2 scrolls of remove curse
 k - 3 scrolls of enchant weapon
 m - 6 scrolls of magic mapping
 p - a scroll of teleportation
 r - 2 scrolls of amnesia {unknown}
 s - 3 scrolls of blinking
 t - 2 scrolls of noise {unknown}
 y - a scroll of fog {unknown}
 E - 3 scrolls of fear
Potions
 b - a potion of heal wounds
 d - 3 potions of brilliance
 f - 3 potions of might
 l - a potion of resistance
 q - a potion of degeneration
 x - a potion of mutation
 z - 5 potions of curing
 B - 4 potions of flight
 H - a potion of lignification
 L - a potion of agility {unknown}
Miscellaneous
 J - a phial of floods
 K - a sack of spiders
Comestibles
 c - 15 rations


   Skills:
 + Level 13.6 Fighting
 - Level 3.6 Polearms
 + Level 12.0 Armour
 + Level 10.3 Dodging


You had 10 spell levels left.
You didn't know any spells.
Your spell library was empty.

Dungeon Overview and Level Annotations

Branches:
Dungeon (11/15)            Temple (0/1) D:7            Lair (0/6) D:10
    Orc: D:9-12

Altars:
Ashenzari
Cheibriados
Dithmenos
Fedhas
Gozag
Hepliaklqana
Kikubaaqudgha
Nemelex Xobeh
Okawaru
Qazlal
Sif Muna
Trog
Xom
Zin
The Shining One

Shops:
D:5 ?   D:6 (

Annotations:
D:10 1 runed door, OdinFK's ghost, journeyman FoVM


Innate Abilities, Weirdness & Mutations

You reflexively headbutt those who attack you in melee.
You have a pair of horns on your head.


Message History

Level annotation: 1 runed door, OdinFK's ghost, journeyman FoVM
There is a stone staircase leading down here.
Unknown command.
Unknown command.
Unknown command.
Unknown command.
Unknown command.
There are monsters nearby!
You can't go up here!
Unknown command.
You feel the effects of Trog's Hand fading.
The big kobold hits you but does no damage.
The big kobold closely misses you.
The freezing wraith completely misses you.
The freezing wraith hits you.
* * * LOW HITPOINT WARNING * * *
The freezing wraith drains your vigour!
You feel as though you will be slow longer.
The freezing wraith hits you!
You die...

#..............#...
#>.............#...
#..............#...
#..............'...
#..............#...
#..............##'#
#..>...........#...
#..W...........#...
#.@K..[.[......+...
#......[)......####
#..................
#..................
#..................
#..................
#..................
#..................
#..................


You could see a freezing wraith and a big kobold.

Vanquished Creatures
  Harold (D:9)
  A death knight (D:11)
  2 hippogriffs (D:8)
  Sigmund (D:4)
  4 hogs (D:8)
  A basilisk (D:10)
  2 hungry ghosts (D:8)
  A human (D:8)
  4 porcupines (D:10)
  2 water moccasins
  2 black bears (D:10)
  A hornet zombie (D:8)
  2 ice beasts
  10 orc warriors
  3 sky beasts
  An eye of draining (D:9)
  A necrophage (D:10)
  2 phantoms
  2 wolves (D:10)
  4 ogres
  3 centaurs
  3 crocodiles (D:10)
  2 big kobolds (D:6)
  4 bullfrogs
  A wyvern skeleton (D:8)
  3 scorpions
  A water moccasin skeleton (D:9)
  10 killer bees
  4 wights (D:9)
  2 electric eels (D:7)
  4 howler monkeys
  3 crimson imps
  A bullfrog zombie (D:8)
  A quasit (D:5)
  A centaur zombie (D:7)
  7 hounds
  2 jellies
  9 orc wizards
  A centaur skeleton (D:10)
  7 orc priests
  4 bullfrog skeletons
  Crazy Yiuf (D:2)
  An iguana (D:4)
  Natasha (thrice) (D:2)
  8 worker ants
  2 hound zombies
  A hound skeleton (D:10)
  Robin (D:4)
  3 gnolls (D:3)
  10 adders
  2 shadow imps
  An ooze (D:3)
  An adder skeleton (D:6)
  3 worms (D:3)
  A dart slug (D:2)
  10 leopard geckos
  59 orcs
  3 bats
  2 giant cockroaches (D:3)
  10 hobgoblins
  22 jackals
  14 kobolds
  2 quokkas
  A ball python (D:3)
  4 frilled lizards
  14 goblins
  2 rats
301 creatures vanquished.

Vanquished Creatures (collateral kills)
  2 orc warriors (Bailey)
2 creatures vanquished.

Grand Total: 303 creatures vanquished

Notes
Turn   | Place    | Note
-------+----------+-------------------------------------------
     0 | D:1      | Mjsee792 the Minotaur Berserker began the quest for the
                  | Orb.
     0 | D:1      | Reached XP level 1. HP: 19/19 MP: 0/0
   135 | D:1      | Reached skill level 4 in Fighting
   226 | D:1      | You fall through a shaft!
   227 | D:2      | Noticed Natasha
   238 | D:2      | Killed Natasha
   238 | D:2      | Reached XP level 2. HP: 17/28 MP: 1/1
   238 | D:2      | Reached XP level 3. HP: 20/34 MP: 2/2
   279 | D:2      | Noticed Natasha
   286 | D:2      | Killed Natasha
   286 | D:2      | Reached skill level 5 in Fighting
   448 | D:2      | Reached XP level 4. HP: 42/42 MP: 3/3
   525 | D:2      | Noticed Natasha
   531 | D:2      | Killed Natasha
   546 | D:2      | Found a shattered altar of Ashenzari.
   550 | D:2      | Saw a vision of the Shoals and the Spider Nest.
   550 | D:2      | Noticed a hornet
   550 | D:2      | Noticed a merfolk
   550 | D:2      | Noticed a merfolk siren
   550 | D:2      | Noticed a redback
   550 | D:2      | Noticed a wolf spider
   550 | D:2      | Noticed a redback
   550 | D:2      | Noticed a redback
   550 | D:2      | Noticed a sea snake
   550 | D:2      | Noticed a redback
   550 | D:2      | Noticed a hippogriff
   551 | D:2      | Noticed a redback
   630 | D:2      | Found a glowing silver altar of Zin.
   662 | D:2      | Found a runed door.
   666 | D:2      | Noticed Crazy Yiuf
   674 | D:2      | Paralysed by Crazy Yiuf for 6 turns
   688 | D:2      | Paralysed by Crazy Yiuf for 2 turns
   690 | D:2      | Killed Crazy Yiuf
   690 | D:2      | Reached ** piety under Trog
  1066 | D:3      | Reached XP level 5. HP: 50/50 MP: 4/4
  1126 | D:3      | Reached skill level 6 in Fighting
  1144 | D:3      | Found a sparkling altar of Nemelex Xobeh.
  1296 | D:3      | Reached XP level 6. HP: 17/58 MP: 5/5
  1544 | D:3      | Reached skill level 5 in Armour
  1628 | D:3      | Reached *** piety under Trog
  1850 | D:3      | Found an iron altar of Okawaru.
  2021 | D:3      | Reached skill level 7 in Fighting
  2191 | D:4      | Noticed Sigmund
  2214 | D:4      | Killed Sigmund
  2214 | D:4      | Reached XP level 7. HP: 57/66 MP: 6/6
  2299 | D:4      | Noticed Robin
  2306 | D:4      | Received a gift from Trog
  2318 | D:4      | Killed Robin
  2318 | D:4      | Reached **** piety under Trog
  2543 | D:4      | Found an opulent altar of Gozag.
  2875 | D:5      | Entered Level 5 of the Dungeon
  2875 | D:5      | Found Pidy's Magic Scroll Emporium.
  2885 | D:5      | Bought a scroll of identify for 20 gold pieces
  2885 | D:5      | Bought a scroll of teleportation for 30 gold pieces
  2885 | D:5      | Bought a scroll of blinking for 75 gold pieces
  2930 | D:5      | Reached skill level 8 in Fighting
  3858 | D:6      | Found Avvu's Weapon Emporium.
  3904 | D:6      | Reached XP level 8. HP: 75/75 MP: 7/7
  4182 | D:6      | Got a bloodstained ring mail
  4205 | D:6      | Identified the +6 ring mail "Xeadosug" {MP+9} (You found it
                  | on level 6 of the Dungeon)
  4285 | D:6      | Reached skill level 9 in Fighting
  4396 | D:6      | Paralysed by an orc for 6 turns
  4995 | D:7      | Found a staircase to the Ecumenical Temple.
  5012 | D:7      | Reached ***** piety under Trog
  5022 | D:7      | Reached skill level 5 in Dodging
  5037 | D:7      | Reached XP level 9. HP: 68/85 MP: 8/8
  5202 | D:7      | Reached skill level 10 in Fighting
  5285 | D:7      | Received a gift from Trog
  5398 | D:7      | Reached skill level 10 in Armour
  5745 | D:8      | Found a flagged portal.
  5763 | Bailey   | Entered a bailey
  5772 | Bailey   | HP: 4/86 [orc warrior/bolt (13)]
  6434 | Bailey   | Reached skill level 11 in Fighting
  6730 | Bailey   | HP: 3/133 [orc warrior/halberd (11)]
  7289 | D:8      | Reached XP level 10. HP: 66/96 MP: 9/9
  7527 | D:8      | Received a gift from Trog
  7708 | D:8      | Reached skill level 12 in Fighting
  8233 | D:9      | Noticed Harold
  8244 | D:9      | Killed Harold
  8376 | D:9      | Found a hazy altar of Hepliaklqana.
  8410 | D:9      | Found a shattered altar of Ashenzari.
  8412 | D:9      | Found an ancient bone altar of Kikubaaqudgha.
  8412 | D:9      | Found a glowing golden altar of the Shining One.
  8413 | D:9      | Found a bloodstained altar of Trog.
  8414 | D:9      | Found a snail-covered altar of Cheibriados.
  8415 | D:9      | Found a blossoming altar of Fedhas.
  8416 | D:9      | Found a shadowy altar of Dithmenos.
  8417 | D:9      | Found a stormy altar of Qazlal.
  8810 | D:9      | Found a deep blue altar of Sif Muna.
  8871 | D:10     | Entered Level 10 of the Dungeon
  8882 | D:10     | Reached skill level 13 in Fighting
  8904 | D:10     | Found a staircase to the Lair.
  8909 | D:10     | Received a gift from Trog
  8915 | D:10     | Reached XP level 11. HP: 107/107 MP: 10/10
  9441 | D:10     | Found a runed door.
  9443 | D:10     | Found a shimmering altar of Xom.
  9443 | D:10     | Noticed OdinFK's ghost (journeyman FoVM)
  9443 | D:10     | Noticed a flail of chaos
  9690 | D:10     | Reached skill level 10 in Dodging
 10042 | D:11     | Noticed a death knight
 10061 | D:11     | Killed a death knight
 10073 | D:11     | HP: 1/108 [freezing wraith[a death knight] (10)]
 10077 | D:10     | Slain by a freezing wraith

Skill      XL: |  1  2  3  4  5  6  7  8  9 10 11 |
---------------+----------------------------------+-----
Fighting       | 4 5 6 7 8 9 11 13 | 13.6
Armour         | 3 4 6 7 9 10 11 12 | 12.0
Dodging        | 3 4 5 7 9 10 | 10.3
Polearms       | |  3.6

Action                   |  1- 3 |  4- 6 |  7- 9 | 10-12 || total
-------------------------+-------+-------+-------+-------++-------
Melee: Spear             |    40 |   209 |   694 |       ||   943
       Headbutt          |     4 |    37 |    96 |    52 ||   189
       Glaive            |       |       |    13 |   270 ||   283
Invok: Berserk           |       |       |     2 |     3 ||     5
       Trog's Hand       |       |       |     1 |     1 ||     2
       Brothers in Arms  |       |       |     1 |       ||     1
Evoke: Wand              |       |       |     3 |       ||     3
  Use: Scroll            |       |       |     4 |    11 ||    15
  Eat: Chunk             |       |     4 |    11 |    13 ||    28
       Ration            |       |       |     3 |       ||     3
Armor: Chain mail        |    23 |       |       |       ||    23
       Animal skin       |     1 |       |       |       ||     1
       Plate armour      |       |    87 |   114 |       ||   201
       Ring mail         |       |       |   138 |   131 ||   269
Dodge: Dodged            |    14 |    46 |   417 |   365 ||   842
